AoeStats
← EL GATO TECHERO

Black Forest

509549692Analyzed
4v4 RM · 6d ago on Sep 27, 2026· 41m 7s· 8 players
Game mode
Random Map
Map size
Large (8 player)
Population
200
Speed
Normal
Resources
Standard
Victory
Conquest
Starting age
Dark Age
Ending age
Imperial Age
RankedLock teamsTeams togetherTeam positionsShared explorationLock speedFull tech treeHidden civsTurbo modeCheats
Victory
Defeat
🇭🇰 Goths · Hong Kong SAR China
733
+19
🇦🇷 Portuguese · Argentina
725
+19
🇦🇷 Chinese · Argentina
701
+20
🇵🇪 Bohemians · Peru
688
+21
🇵🇰 Persians · Pakistan
822
-21
🇵🇪 Magyars · Peru
820
-20
🇺🇸 Italians · United States
772
-19
🇺🇸 Bohemians · United States
763
-19
Boundless316
0:31 Loom
14:23 Feudal Age
14:51 Double-Bit Axe
14:50 Horse Collar
15:49 Wheelbarrow
22:28 Castle Age
MordorQva
11:05 Feudal Age
12:00 Double-Bit Axe
15:30 Horse Collar
17:16 Man-at-Arms
21:49 Scale Mail Armor
25:47 Castle Age
24:50 Forging
25:02 Gold Mining
26:04 Long Swordsman
26:47 Squires
27:06 Chain Mail Armor
27:03 Bow Saw
27:00 Pikeman
27:37 Stone Mining
34:33 Wheelbarrow
35:18 Stone Shaft Mining
34:48 Loom
38:32 Hand Cart
EL GATO TECHERO
1:13 Loom
15:43 Feudal Age
16:39 Double-Bit Axe
16:35 Horse Collar
Juicee
1:47 Loom
13:59 Feudal Age
14:19 Double-Bit Axe
15:39 Horse Collar
16:42 Gold Mining
19:00 Forging
18:43 Fletching
21:24 Stone Mining
23:36 Castle Age
25:47 Wheelbarrow
24:58 Town Watch
25:52 Gold Shaft Mining
25:32 Bow Saw
25:26 Heavy Plow
28:47 Bodkin Arrow
29:29 Iron Casting
29:01 Scale Barding Armor
30:18 Husbandry
30:29 Bloodlines
32:14 Chain Barding Armor
33:35 Husbandry
33:46 Bloodlines
34:10 Man-at-Arms
34:36 Gambesons
34:37 Arson
34:53 Squires
37:27 Kamandaran
41:16 Imperial Age
Lucasavend
0:41 Loom
14:54 Feudal Age
19:43 Castle Age
27:27 Imperial Age
26:57 Gold Mining
28:21 Stone Mining
28:59 Horse Collar
34:48 Wheelbarrow
34:07 Double-Bit Axe
35:06 Stone Shaft Mining
35:45 Bow Saw
37:32 Two-Man Saw
36:38 Heavy Plow
38:37 Crop Rotation
39:27 Chemistry
38:25 Murder Holes
38:42 Fortified Wall
40:15 Thumb Ring
RTZ.¶Diver¶
0:48 Loom
14:14 Feudal Age
20:26 Castle Age
19:39 Double-Bit Axe
26:39 Wagenburg Tactics
27:42 Bow Saw
27:20 Horse Collar
31:56 Wheelbarrow
32:40 Chemistry
31:50 Heavy Plow
31:44 Fletching
31:57 Padded Archer Armor
32:48 Scale Mail Armor
33:16 Pikeman
35:04 Chain Mail Armor
36:47 Squires
39:24 Imperial Age
38:08 Hand Cart
39:43 Leather Archer Armor
40:05 Houfnice
41:25 Conscription
On2toy
12:40 Feudal Age
13:11 Horse Collar
13:19 Double-Bit Axe
19:43 Castle Age
17:45 Stone Mining
17:48 Gold Mining
22:48 Bow Saw
22:50 Heavy Plow
23:22 Caravan
23:53 Coinage
27:41 Wheelbarrow
28:55 Hand Cart
32:14 Imperial Age
32:40 Caravan
33:21 Forging
33:11 Scale Mail Armor
33:18 Anarchy
33:39 Conscription
32:41 Elite Huskarl
33:22 Perfusion
34:05 Town Watch
34:53 Crop Rotation
35:26 Two-Man Saw
34:36 Squires
36:57 Banking
36:47 Chain Mail Armor
39:18 Iron Casting
cap buscapina 58
0:43 Loom
16:09 Feudal Age
17:09 Horse Collar
17:19 Double-Bit Axe
19:40 Gold Mining
24:44 Castle Age
23:46 Fletching
23:56 Padded Archer Armor
26:46 Heavy Plow
29:14 Wheelbarrow
28:38 Bodkin Arrow
29:00 Leather Archer Armor
29:38 Bow Saw
32:57 Ballistics
36:01 Imperial Age
34:15 Stone Mining
37:51 Chemistry
37:01 Bracer
38:08 Ring Archer Armor
41:12 Rocketry
Connection lost

Rejoining the realm…

Still unreachable

The connection could not be restored.

Session expired

The server has moved on; the page needs a fresh start.